 Dungeon Crawl Stone Soup version 0.28.0-43-g3370ac3207 (webtiles) character file.

Game seed: 497510871015535973

283 adizb the Ducker (level 6, -2/40 HPs)
             Began as a Djinni Fire Elementalist on Mar 6, 2022.
             Slain by an orc
             ... wielding a +1 hand axe of electrocution
              (9 damage)
             ... on level 4 of the Dungeon.
             The game lasted 00:28:52 (3097 turns).

adizb the Ducker (Djinni Fire Elementalist)         Turns: 3097, Time: 00:28:53

Health: -2/40      AC:  3    Str:  7    XL:     6   Next: 54%
Gold:   242        EV: 13    Int: 19    God:
                   SH:  0    Dex: 17

rFire   + + .      SeeInvis .   b - +2 dagger (holy)
rCold   x . .      Faith    .   (no shield)
rNeg    . . .      Spirit   .   k - +0 leather armour
rPois   ∞          Reflect  .   (no helmet)
rElec   .          Harm     .   (no cloak)
rCorr   .          Rampage  .   (no gloves)
Will    .....      Clarity  +   (boots unavailable)
Stlth   ++........              (no amulet)
HPRegen 0.13/turn               (no ring)
MPRegen 0.00/turn               (no ring)

@: flying
A: sickness immunity, fire resistance 2, cold vulnerability 1, float, innate
caster, HP casting, extra vitality 1, agile 2, clarity
a: no special abilities


You were on level 4 of the Dungeon.
You visited 1 branch of the dungeon, and saw 4 of its levels.
You also visited: Sewer.

You collected 264 gold pieces.
You spent 22 gold pieces at shops.

Inventory:

Hand Weapons
 b - a +2 dagger of holy wrath (weapon)
 q - a +0 dagger of draining
Missiles
 h - 104 stones
Armour
 a - a +0 robe
 k - a +0 leather armour (worn)
 p - a +0 chain mail
Scrolls
 c - a scroll of magic mapping {unknown}
 e - a scroll of blinking
 f - 2 scrolls of fog
 j - 2 scrolls of enchant weapon
 l - 2 scrolls of noise
 m - a scroll of teleportation
 n - a scroll of summoning {unknown}
 o - a scroll of fear {unknown}
Potions
 d - 2 potions of invisibility
 g - 2 potions of curing
 i - 2 potions of heal wounds


   Skills:
 + Level 2.6 Armour
 + Level 3.9 Dodging
 - Level 1.7 Stealth
 + Level 2.7 Shields
 + Level 3.3 Spellcasting


You couldn't memorise any spells.
You knew the following spells:

 Your Spells              Type           Power      Damage    Failure   Level
a - Foxfire               Conj/Fire      64%        2x1d7     5%          1
b - Scorch                Fire           32%        2d6       9%          2
c - Conjure Flame         Conj/Fire      16%        6-21      16%         3
d - Inner Flame           Hex/Fire       16%        N/A       16%         3
e - Flame Wave            Conj/Fire      16%        2d6       47%         4
f - Freeze                Ice            64%        1d8       5%          1
g - Static Discharge      Conj/Air       16%        N/A       9%          2
Your spell library was empty.

Dungeon Overview and Level Annotations

Branches:
Dungeon (4/15)              Sewer (visited)
 Temple: D:4-7

Altars:
Ashenzari

Shops:
D:4 :*!


Innate Abilities, Weirdness & Mutations

You are immune to sickness and miasma.
You are immune to poison.
Your flesh is very heat resistant. (rF++)
You are vulnerable to cold. (rC-)
You float through the air rather than walking.
You learn spells naturally, not from books.
Your magical power is your life essence.
You have superior vitality. (+4 MHP)
You are very agile. (Dex +4)
You possess an exceptional clarity of mind.


Message History

The orc priest calls down the wrath of Beogh upon you.
Beogh smites you!
A kobold comes into view. It is wielding a +0 dagger.
The orc shouts!
You hear a shout!
Casting: Scorch (safe; 9% risk of failure)
Press: ? - help, Q - select action, (/) - cycle Dir - look around, f - activate Nothing appears to happen.
The kobold shouts!
Casting: Scorch (safe; 9% risk of failure)
Press: ? - help, Q - select action, (/) - cycle Dir - look around, f - activate Flames lash the orc priest.
The orc priest is severely wounded.
The orc priest's fire resistance burns away.
Casting: Scorch (safe; 9% risk of failure)
Press: ? - help, Q - select action, (/) - cycle Dir - look around, f - activate Flames lash the orc priest.
The orc priest is burned terribly!
The orc priest is almost dead.
You hit the orc priest.
You kill the orc priest!
A goblin comes into view. It is wielding a +0 dagger.
Casting: Conjure Flame (dangerous; 16% risk of failure)
Press: ? - help, Q - select action, (/) - cycle Dir - look around, f - activate
Okay, then.
Casting: Scorch (safe; 9% risk of failure)
Press: ? - help, Q - select action, (/) - cycle Dir - look around, f - activate Flames lash the orc.
You kill the orc!
Casting: Conjure Flame (dangerous; 16% risk of failure)
Press: ? - help, Q - select action, (/) - cycle Dir - look around, f - activate The fire begins to smoulder!
* * * LOW HITPOINT WARNING * * *
The orc smothers the flame.
You see here a +0 ring mail.
You barely miss the orc. The orc closely misses you.
You hit the orc.
The orc is moderately wounded.
The orc hits you with a +1 hand axe of electrocution.
* * * LOW HITPOINT WARNING * * *
You are electrocuted!
You die...

..≈≈≈≈≈≈≈§§.. #.≈......§≈..
##.≈.♣♣♣♣♣.≈..
#..≈.♣.....≈..
#..≈.♣._.♣§§.#
#..≈.....♣§≈.#
#..≈.♣♣♣♣♣...#
##.#.##########..≈.......≈.>
......K)ogo@.....≈≈≈≈≈≈≈≈≈.#
##.#.########.##...........#
#.####..##.#.### #.#
#.##....... #.# #.##...∩...
#.# #.#...#.### #.#
#.......# #.# ###<..###
.....#


You could see 2 orcs, a goblin and a kobold.

Vanquished Creatures
  An orc priest (D:4)
  A hound skeleton (D:4)
  11 adders
  A river rat (Sewer)
  2 adder skeletons
  8 worms
  3 dart slugs
  2 orcs (D:4)
  11 ball pythons
  5 bats
  7 endoplasms
  6 giant cockroaches
  7 goblins
  5 hobgoblins
  4 jackals (Sewer)
  8 quokkas
  2 frilled lizards (D:2)
  4 kobolds
  12 rats
100 creatures vanquished.

Vanquished Creatures (others)
  105 foxfires
105 creatures vanquished.

Grand Total: 205 creatures vanquished

Notes
Turn   | Place    | Note
-------+----------+-------------------------------------------
     0 | D:1      | adizb the Djinni Fire Elementalist began the quest for the
                  | Orb.
     0 | D:1      | Reached XP level 1. HP: 15/15 MP: 0/0
    79 | D:1      | Reached XP level 2. HP: 12/21 MP: 0/0
   276 | D:1      | Reached XP level 3. HP: 7/25 MP: 0/0
   276 | D:1      | Learned a level 1 spell: Freeze
   313 | D:1      | Found a faded altar of an unknown god.
   741 | D:2      | Reached skill level 1 in Shields
   770 | D:2      | Reached skill level 1 in Armour
  1129 | D:2      | Reached XP level 4. HP: 8/31 MP: 0/0
  1413 | D:3      | Found a glowing drain.
  1441 | Sewer    | Entered a sewer
  1537 | Sewer    | Reached XP level 5. HP: 13/35 MP: 0/0
  1537 | Sewer    | Learned a level 2 spell: Static Discharge
  1813 | Sewer    | Gained mutation: You are agile. (Dex +2) [potion of
                  | mutation]
  1813 | Sewer    | Gained mutation: You possess an exceptional clarity of
                  | mind. [potion of mutation]
  1813 | Sewer    | Gained mutation: You are very agile. (Dex +4) [potion of
                  | mutation]
  2479 | D:3      | Reached XP level 6. HP: 32/40 MP: 0/0
  2792 | D:4      | Found Pysixo's Book Shoppe.
  2868 | D:4      | Found Fuysium's Distillery.
  3014 | D:4      | Found a broken altar of Ashenzari.
  3047 | D:4      | Found Oclu's General Store.
  3063 | D:4      | Bought a scroll of identify for 22 gold pieces
  3097 | D:4      | Slain by an orc

Illustrated notes

Levels and vault maps discovered:
D:1:      dpeg_arrival_round_c, layout_loops_ring,
          shapermc_ecumenical_altar_acropolis
D:2:      layout_loops_ring
D:3:      layout_loops_corners, cheibrodos_sewer_entry_bend, corexii_shack,
          minmay_shallow_snake_nest
D:4:      layout_loops_ring, mainiacjoe_overflow_brackets,
          minmay_temple_entry_glassed_door, serial_shops, shop, shop_statue,
          nicolae_shop_temple_entry_statues_fountains

Skill      XL: |  1  2  3  4  5 |
---------------+----------------+-----
Shields        | 1 2 |  2.7
Armour         | 1 2 |  2.6
Dodging        | 3 |  3.9
Spellcasting   | 3 |  3.3
Stealth        | |  1.7

Action                   |  1- 3 |  4- 6 || total
-------------------------+-------+-------++-------
Melee: Dagger            |    55 |    19 ||    74
 Cast: Foxfire           |    23 |    34 ||    57
       Scorch            |    16 |    39 ||    55
       Freeze            |       |     9 ||     9
       Static Discharge  |       |     3 ||     3
       Conjure Flame     |       |     1 ||     1
  Use: Scroll            |       |     8 ||     8
       Potion            |       |     1 ||     1
 Stab: Sleeping          |     2 |       ||     2
Armor: Robe              |    13 |     6 ||    19
       Leather armour    |       |     3 ||     3
Dodge: Dodged            |    36 |    16 ||    52
